 Dungeon Crawl Stone Soup version 0.26-a0-660-gc07710193c (webtiles) character file.

Game seed: 1177789864211808458

128 marklar909 the Digger (level 5, 0/54 HPs)
             Began as a Formicid Earth Elementalist on Oct 6, 2020.
             Slain by a centaur (4 damage)
             ... on level 3 of the Dungeon.
             The game lasted 00:04:43 (3197 turns).

marklar909 the Digger (Formicid Earth Elementalist) Turns: 3197, Time: 00:04:43

Health: 0/54       AC: 22    Str: 14    XL:     5   Next: 33%
Magic:  9/9        EV:  2    Int: 14    God:
Gold:   84         SH:  0    Dex: 11    Spells: 9/10 levels left

rFire    . . .     SeeInvis .   p - +0 trident
rCold    . . .     Faith    .   (no shield)
rNeg     + + +     Spirit   .   (armour currently unavailable)
rPois    +         Reflect  .   (helmet unavailable)
rElec    .         Harm     .   (cloak currently unavailable)
rCorr    .         Rampage  .   (gloves currently unavailable)
MR       .....                  (boots currently unavailable)
Stlth    ++........             (no amulet)
HPRegen  0.18/turn              (no ring)
MPRegen  0.11/turn              (no ring)

@: brilliant, tree-form
A: permanent stasis, dig shafts and tunnels, four strong arms
a: no special abilities


You were on level 3 of the Dungeon.
You were a tree.
You visited 1 branch of the dungeon, and saw 3 of its levels.

You collected 84 gold pieces.

Inventory:

Hand Weapons
 p - a +0 trident (weapon)
 r - a +0 halberd
Missiles
 b - 128 stones (quivered)
 j - 15 poisoned darts
Armour
 c - a +0 robe (melded)
Scrolls
 a - a scroll of immolation
 d - 2 scrolls of remove curse
 h - a scroll of amnesia {unknown}
 k - 2 scrolls of enchant armour {unknown}
Potions
 e - a potion of brilliance
 f - a potion of berserk rage {unknown}
 g - a potion of curing {unknown}
 i - a potion of magic {unknown}
 l - a potion of flight {unknown}
 m - a potion of mutation {unknown}
 n - a potion of resistance {unknown}
 o - a potion of lignification
 q - 2 potions of heal wounds {unknown}


   Skills:
 + Level 0.9 Fighting
 + Level 1.5 Polearms
 + Level 2.2 Dodging
 + Level 3.0 Stealth
 + Level 3.1 Spellcasting
   Level 1.1 Transmutations
 + Level 5.0 Earth Magic


You had 9 spell levels left.
You knew the following spells:

 Your Spells              Type           Power        Failure   Level
a - Sandblast             Erth           ###...       2%          1

Your spell library contained the following spells:

 Spells                   Type           Power        Failure   Level
 Passwall                 Tmut/Erth      ###.....     9%          2
 Stone Arrow              Conj/Erth      ##....       22%         3
 Petrify                  Tmut/Erth      ###.....     52%         4
 Lee's Rapid Deconstruct  Erth           ###.......   58%         5


Dungeon Overview and Level Annotations

Branches:
Dungeon (3/15)

Altars:
Cheibriados


Innate Abilities, Weirdness & Mutations

You cannot be hasted, slowed, berserked, paralysed or teleported.
You can dig through walls and to a lower floor.
Your four strong arms can wield two-handed weapons with a shield.
((You have a pair of large antennae on your head. (SInv)))


Message History

Confirm with . or Enter, or press ? or * to list all spells.
Aiming: Sandblast (safe; 2% risk of failure)
Press: ? - help, Shift-Dir - straight line, f - centaur
Aim: a centaur, quivering 16 arrows (lightly wounded)
Okay, then.
It was a potion of brilliance.
You feel clever all of a sudden. The centaur misses you.
You hit the centaur.
The centaur is moderately wounded.
The centaur closely misses you. The centaur hits you.
* * * LOW HITPOINT WARNING * * *
Unknown command.
It was a potion of lignification.
You turn into a tree.
Your +0 robe melds into your body.
Your roots penetrate the ground.
The centaur hits you but does no damage. x2
You barely miss the centaur.
The centaur is moderately wounded.
The centaur hits you.
You die...

### . #.. .. #.#
..##. #.# ....##.
#.###..##...
##..........
##o((###...##..
##c###.##.(...
####.♣####.#..##...
#......# #.({......
#.##..## #.#..o..#[
#)###.###.##.....#
#.# #....# .......
###.###†...###...)...
#...........##.......
#.......[....#.######
#.#†###..>..##.#


You could see a centaur and an orc.

Vanquished Creatures
  3 gnolls (D:3)
  3 adders
  2 oozes (D:1)
  A worm (D:2)
  4 dart slugs
  4 leopard geckos
  A ball python (D:2)
  4 goblins
  8 hobgoblins
  4 kobolds
  A quokka (D:2)
  6 bats
  4 frilled lizards
  A jackal skeleton (D:2)
  6 rats
52 creatures vanquished.

Notes
Turn   | Place    | Note
-------+----------+-------------------------------------------
     0 | D:1      | marklar909 the Formicid Earth Elementalist began the quest
                  | for the Orb.
     0 | D:1      | Reached XP level 1. HP: 13/13 MP: 3/3
   131 | D:1      | Reached XP level 2. HP: 9/19 MP: 0/5
   507 | D:1      | Reached skill level 4 in Earth Magic
   628 | D:1      | Reached XP level 3. HP: 24/24 MP: 4/6
  1136 | D:2      | Reached XP level 4. HP: 30/30 MP: 3/8
  2118 | D:3      | Found a snail-covered altar of Cheibriados.
  2320 | D:2      | HP: 1/30 [hobgoblin (1)]
  2653 | D:3      | Reached skill level 1 in Polearms
  2659 | D:3      | Reached XP level 5. HP: 28/36 MP: 4/9
  3144 | D:3      | Reached skill level 5 in Earth Magic
  3180 | D:3      | Noticed a centaur
  3197 | D:3      | Slain by a centaur

Illustrated notes

Levels and vault maps discovered:
D:1:      matt_arrival_refuge, layout_loops_ring
D:2:      layout_basic
D:3:      layout_loops_ring, old_standard_altar, lemuel_coloured_pillars_altar,
          hangedman_decor_peaks_small

Skill      XL: |  1  2  3  4  5 |
---------------+----------------+-----
Dodging        | 2 |  2.2
Earth Magic    | 4 5 |  5.0
Spellcasting   | 3 |  3.1
Polearms       | 1 |  1.5
Stealth        | 3 |  3.0
Fighting       | |  0.9
Transmutations | |  1.1

Action                   |  1- 3 |  4- 6 || total
-------------------------+-------+-------++-------
Melee: Spear             |    11 |     9 ||    20
       Trident           |       |    62 ||    62
 Cast: Sandblast         |    24 |    28 ||    52
  Use: Scroll            |       |     2 ||     2
       Potion            |       |     2 ||     2
 Stab: Sleeping          |     1 |     5 ||     6
Armor: Robe              |     1 |     7 ||     8
       Skin              |       |     2 ||     2
Dodge: Dodged            |     5 |    48 ||    53

Table legend: (Time is in decaauts)
 A = Elapsed time spent in this place.
 B = Non-inter-level travel time spent in this place.
 C = Inter-level travel time spent in this place.
 D = Time resting spent in this place.
 E = Time spent auto-exploring this place.
 F = Levels seen in this place.
 G = Mean time per level.
                   A        B        C        D        E       F      G
               +--------+--------+--------+--------+--------+-----+--------+
         Total |   3214 |   3031 |    183 |    297 |   2238 |   3 | 1071.3 |
       Dungeon |   3214 |   3031 |    183 |    297 |   2238 |   3 | 1071.3 |
               +--------+--------+--------+--------+--------+-----+--------+

Top non-repeatable levels by time:
     D:2: 1287 daAuts
     D:1: 1102 daAuts
     D:3: 824 daAuts
